 Dungeon Crawl Stone Soup version 0.29.1-15-g9cfb28693d (webtiles) character file.

Game seed: 1553030030463301880

522 Heoruswealwe the Magician (level 7, -2/36 HPs)
             Began as a Deep Elf Earth Elementalist on Apr 11, 2023.
             Was a Believer of Dithmenos.
             Slain by an iguana (7 damage)
             ... on level 5 of the Dungeon.
             The game lasted 00:25:37 (3324 turns).

Heoruswealwe the Magician (DEEE)                    Turns: 3324, Time: 00:25:39

Health: -2/36      AC:  3    Str:  5      XL:     7   Next: 2%
Magic:  11/19      EV: 12    Int: 22      God:    Dithmenos [**....]
Gold:   100        SH:  0    Dex: 14 (15) Spells: 10/20 levels left

rFire   . . .      SeeInvis +   (no weapon)
rCold   . . .      Faith    .   (no shield)
rNeg    . . .      Spirit   .   v - +0 robe
rPois   .          Reflect  .   l - +0 helmet
rElec   .          Harm     .   (no cloak)
rCorr   .          Rampage  .   (no gloves)
Will    .....                   (no boots)
Stlth   ++........              g - amulet of the acrobat
HPRegen 0.12/turn               e - ring of see invisible
MPRegen 0.16/turn               (no ring)

@: wreathed by umbra
A: no striking features
a: Renounce Religion, Shadow Step


You were on level 5 of the Dungeon.
You worshipped Dithmenos.
Dithmenos was pleased with you.
You visited 1 branch of the dungeon, and saw 5 of its levels.

You collected 239 gold pieces.
You spent 139 gold pieces at shops.

Inventory:

Armour
 a - a +0 robe
 i - a +0 robe
 l - a +0 helmet (worn)
 n - a +0 robe
 v - a +0 robe (worn)
Jewellery
 e - a ring of see invisible (left hand)
 g - an amulet of the acrobat (around neck)
 r - a ring of resist corrosion
Wands
 h - a wand of flame (12)
Scrolls
 m - a scroll of magic mapping
Potions
 b - a potion of magic
 c - 3 potions of curing
 d - a potion of haste
 f - a potion of cancellation
 j - a potion of lignification


   Skills:
 - Level 2.4 Dodging
 - Level 2.4 Stealth
 + Level 7.4 Spellcasting
 - Level 1.1 Transmutations
 + Level 6.6 Earth Magic


You had 10 spell levels left.
You knew the following spells:

 Your Spells              Type           Power      Damage    Failure   Level
a - Sandblast             Erth           74%        2d16      1%          1
b - Stone Arrow           Conj/Erth      44%        3d9       6%          3
c - Petrify               Tmut/Erth      25%        N/A       16%         4
z - Passwall              Tmut/Erth      20%        N/A       2%          2

Your spell library contained the following spells:

 Spells                   Type           Power      Damage    Failure   Level
 Magic Dart               Conj           32%        1d4       8%          1
 Blink                    Tloc           16%        N/A       12%         2
 Searing Ray              Conj           16%        2d5       12%         2
 Lesser Beckoning         Tloc           8%         N/A       24%         3
 Fulminant Prism          Conj/Hex       4%         3d6       61%         4
 Manifold Assault         Tloc           8%         N/A       91%         5


Dungeon Overview and Level Annotations

Branches:
Dungeon (5/15)
 Temple: D:4-7

Altars:
Dithmenos
Fedhas

Shops:
D:4 *


Message History

You can move again.
Grinder blinks!
You are too injured to fight recklessly!
Casting: Sandblast (safe; 1% risk of failure)
Confirm with . or Enter, or press ? or * to list all spells.
Aiming: Sandblast (safe; 1% risk of failure)
Press: ? - help, Shift-Dir - straight line, f/p - Grinder
Aim: Grinder (severely wounded, 82% to hit)
The blast of sand hits Grinder!!
You kill Grinder!
Dithmenos accepts your kill. The iguana barely misses you.
You feel your intelligence returning.
You feel your dexterity returning.
Your Spellcasting skill increases to level 7!
You have reached level 7!
Casting: Sandblast (safe; 1% risk of failure)
Confirm with . or Enter, or press ? or * to list all spells.
Aiming: Sandblast (safe; 1% risk of failure)
Press: ? - help, Shift-Dir - straight line, f - iguana
Aim: an iguana (umbra, 86% to hit)
The blast of sand hits the iguana but does no damage.
The iguana closely misses you. The iguana barely misses you.
Casting: Sandblast (safe; 1% risk of failure)
Confirm with . or Enter, or press ? or * to list all spells.
Aiming: Sandblast (safe; 1% risk of failure)
Press: ? - help, Shift-Dir - straight line, f/p - iguana
Aim: an iguana (umbra, 86% to hit)
The blast of sand hits the iguana!
The iguana is almost dead.
The iguana bites you!
* * * LOW HITPOINT WARNING * * *
Casting: Sandblast (safe; 1% risk of failure)
Confirm with . or Enter, or press ? or * to list all spells.
Aiming: Sandblast (safe; 1% risk of failure)
Press: ? - help, Shift-Dir - straight line, f/p - iguana
Aim: an iguana (almost dead, umbra, 86% to hit)
The blast of sand hits the iguana but does no damage.
The iguana is almost dead.
The iguana bites you!
You die...

#.# .. ... ###.
#.# ... #.# #..
#.# #.. #.#
##.##.. #.#####.#
.......##...!...)
#.....l@..###.##
####.####.# # .#
.# .# .# .# .#


You could see an iguana.

Vanquished Creatures
  Grinder (D:5)
  2 scorpions (D:4)
  A jelly (D:3)
  An orc priest (D:3)
  4 adders
  An ufetubus (D:4)
  7 worms
  4 dart slugs
  4 orcs (D:3)
  7 endoplasms
  2 giant cockroaches
  5 goblins
  8 hobgoblins
  4 jackals
  4 kobolds
  4 quokkas
  4 ball pythons
  9 bats
  4 frilled lizards
  8 rats
84 creatures vanquished.

Vanquished Creatures (others)
  14 plants (D:3)
14 creatures vanquished.

Grand Total: 98 creatures vanquished

Notes
Turn   | Place    | Note
-------+----------+-------------------------------------------
     0 | D:1      | Heoruswealwe the Deep Elf Earth Elementalist began the
                  | quest for the Orb.
     0 | D:1      | Reached XP level 1. HP: 10/10 MP: 6/6
   164 | D:1      | Reached XP level 2. HP: 15/15 MP: 2/8
   480 | D:1      | Learned a level 2 spell: Passwall
   552 | D:1      | Reached skill level 4 in Spellcasting
   647 | D:1      | Reached XP level 3. HP: 19/19 MP: 8/10
   651 | D:1      | Learned a level 3 spell: Stone Arrow
  1339 | D:3      | Reached XP level 4. HP: 24/24 MP: 6/12
  1345 | D:3      | Learned a level 4 spell: Petrify
  1361 | D:3      | Found a faded altar of an unknown god.
  1377 | D:3      | Prayed at the altar of an unknown god.
  1377 | D:3      | Became a worshipper of Dithmenos the Shadowed
  1377 | D:3      | Reached * piety under Dithmenos
  1721 | D:3      | Found a blossoming altar of Fedhas.
  1954 | D:3      | Reached skill level 5 in Spellcasting
  1992 | D:3      | Reached skill level 5 in Earth Magic
  1992 | D:3      | Reached XP level 5. HP: 13/28 MP: 11/15
  2168 | D:3      | Learned a level 4 spell: Petrify
  2591 | D:4      | Found Gainialo's Assorted Antiques.
  2679 | D:4      | Bought 2 viscous orange potions for 43 gold pieces
  2679 | D:4      | Bought a jewelled bone wand for 96 gold pieces
  2866 | D:4      | Reached skill level 6 in Spellcasting
  3089 | D:4      | Reached ** piety under Dithmenos
  3090 | D:4      | Reached XP level 6. HP: 29/32 MP: 12/17
  3308 | D:5      | Entered Level 5 of the Dungeon
  3310 | D:5      | Noticed Grinder
  3317 | D:5      | Paralysed by Grinder for 3 turns
  3321 | D:5      | Killed Grinder
  3322 | D:5      | Reached skill level 7 in Spellcasting
  3322 | D:5      | Reached XP level 7. HP: 18/36 MP: 13/19
  3324 | D:5      | Slain by an iguana

Illustrated notes

Levels and vault maps discovered:
D:1:      roderic_octagonal_star, layout_basic
D:2:      layout_rooms
D:3:      layout_basic, lemuel_doored_altar,
          ebering_ecumenical_altar_sacrificial, kennysheep_doodads,
          serial_bayou_pond_a
D:4:      layout_basic, serial_shops, nicolae_shop_statue_plus,
          hangedman_decor_push, kennysheep_windowed_goal
D:5:      cheibrodos_thug_alley, layout_loops_ring, kennysheep_mini,
          nzn_wu_jian_contemplation, minmay_temple_entry_enclosed_plants,
          uniq_grinder

Skill      XL: |  1  2  3  4  5  6 |
---------------+-------------------+-----
Earth Magic    | 4 5 6 |  6.6
Spellcasting   | 4 5 6 7 |  7.4
Dodging        | |  2.4
Stealth        | |  2.4
Transmutations | |  1.1

Action                   |  1- 3 |  4- 6 |  7- 9 || total
-------------------------+-------+-------+-------++-------
Melee: Unarmed           |       |    52 |       ||    52
       Punch             |       |     3 |       ||     3
 Cast: Sandblast         |    69 |    62 |     3 ||   134
       Passwall          |       |     1 |       ||     1
  Use: Scroll            |       |     8 |       ||     8
       Potion            |       |     7 |       ||     7
Armor: Robe              |     1 |     3 |       ||     4
Dodge: Dodged            |    10 |    28 |     2 ||    40
